 Dungeon Crawl Stone Soup version 0.27.1 (webtiles) character file.

Game seed: 15700037165641286596

119 Renzlar the Shield-Bearer (level 5, -1/47 HPs)
             Began as a Gnoll Fighter on Aug 23, 2021.
             Succumbed to Crazy Yiuf's poison
             ... on level 2 of the Dungeon.
             The game lasted 00:04:52 (1364 turns).

Renzlar the Shield-Bearer (Gnoll Fighter)           Turns: 1364, Time: 00:04:52

Health: -1/47      AC: 11    Str: 16    XL:     5   Next: 3%
Magic:  4/6        EV:  5    Int:  8    God:
Gold:   25         SH: 10    Dex: 11    Spells: 6/6 levels left

rFire    . . .     SeeInvis .   a - +0 war axe
rCold    . . .     Faith    .   p - +0 kite shield
rNeg     . . .     Spirit   .   q - +0 chain mail
rPois    .         Reflect  .   (no helmet)
rElec    .         Harm     .   (no cloak)
rCorr    .         Rampage  .   (no gloves)
Will     .....                  k - +0 pair of boots
Stlth    ..........             (no amulet)
HPRegen  0.15/turn              (no ring)
MPRegen  0.10/turn              (no ring)

@: lethally poisoned (-1 -> -12)
A: fangs 1, strong nose, distributed training
a: no special abilities


You were on level 2 of the Dungeon.
You visited 1 branch of the dungeon, and saw 2 of its levels.

You collected 25 gold pieces.

Inventory:

Hand Weapons
 a - a +0 war axe (weapon)
 c - a +0 hunting sling
Missiles
 h - 38 stones (quivered)
 i - 31 poisoned darts
Armour
 b - a +0 scale mail
 k - a +0 pair of boots (worn)
 p - a +0 kite shield (worn)
 q - a +0 chain mail (worn)
Wands
 r - a wand of polymorph (4)
Scrolls
 e - a scroll of silence {unknown}
 g - 2 scrolls of teleportation {unknown}
 j - a scroll of enchant weapon {unknown}
 m - a scroll of immolation {unknown}
 n - a scroll of amnesia {unknown}
Potions
 d - a potion of might
 f - 3 potions of ambrosia {unknown}
 l - a potion of haste {unknown}
 o - 2 potions of heal wounds {unknown}


   Skills:
 + Level 6.6 Fighting
 + Level 1.3 Short Blades
 + Level 1.3 Long Blades
 + Level 4.7 Axes
 + Level 1.3 Maces & Flails
 + Level 1.3 Polearms
 + Level 1.3 Staves
 + Level 1.3 Slings
 + Level 1.3 Bows
 + Level 1.3 Crossbows
 + Level 1.3 Throwing
 + Level 6.6 Armour
 + Level 1.3 Dodging
 + Level 1.3 Stealth
 + Level 6.6 Shields
 + Level 1.3 Unarmed Combat
 + Level 1.3 Spellcasting
 + Level 1.0 Conjurations
 + Level 1.0 Hexes
 + Level 1.0 Summonings
 + Level 1.0 Necromancy
 + Level 1.0 Translocations
 + Level 1.0 Transmutations
 + Level 1.0 Fire Magic
 + Level 1.0 Ice Magic
 + Level 1.0 Air Magic
 + Level 1.0 Earth Magic
 + Level 1.0 Poison Magic
 + Level 1.4 Invocations
 + Level 1.3 Evocations


You had 6 spell levels left.
You didn't know any spells.
Your spell library was empty.

Dungeon Overview and Level Annotations

Branches:
Dungeon (2/15)

Altars:

Shops:
D:2 !


Innate Abilities, Weirdness & Mutations

You have very sharp teeth.
Your uncanny sense of smell can sniff out nearby items.
Your experience applies equally to all skills.


Message History

Crazy Yiuf shouts!
Press: ? - help, v - describe, . - travel
Here: Crazy Yiuf, wielding a +2 quarterstaff of chaos and wearing a +0 cloak (fire blocked by a runed translucent door)
The floor.
a - a +0 war axe (weapon)
You open the door. You hit Crazy Yiuf.
Crazy Yiuf is lightly wounded.
Crazy Yiuf cries, "Candle Xom horse!"
Crazy Yiuf hits you with a +2 quarterstaff of chaos.
Crazy Yiuf burns you.
Crazy Yiuf hits you with a +2 quarterstaff of chaos.
You hit Crazy Yiuf.
Crazy Yiuf is lightly wounded.
Crazy Yiuf cries, "Sif Muna!"
Crazy Yiuf hits you but does no damage.
You hit Crazy Yiuf but do no damage.
Crazy Yiuf is lightly wounded.
Crazy Yiuf hits you but does no damage.
You slash Crazy Yiuf! Your bite misses Crazy Yiuf.
Crazy Yiuf is severely wounded.
Crazy Yiuf hits you with a +2 quarterstaff of chaos!
You block Crazy Yiuf's attack.
Your chain mail prevents you from hitting Crazy Yiuf.
Crazy Yiuf is severely wounded.
Crazy Yiuf laughs, "Gnoll!
East disdain infinity."
Crazy Yiuf hits you with a +2 quarterstaff of chaos.
You are poisoned.
You hit Crazy Yiuf. You bite Crazy Yiuf, but do no damage.
Crazy Yiuf is almost dead.
* * * LOW HITPOINT WARNING * * *
You feel very sick.
Crazy Yiuf hits you with a +2 quarterstaff of chaos.
* * * LOW HITPOINT WARNING * * *
Crazy Yiuf hits you with a +2 quarterstaff of chaos.
* * * LOW HITPOINT WARNING * * *
You feel your power leaking away.
You hit Crazy Yiuf.
You kill Crazy Yiuf!
You die...

### ♣♣#### #)..#♣♣
♣♣P.#.##
#...)@♣♣♣♣P.....#
####
#...#♣..♣..P....##...
### ♣♣♣.♣...#..##.#
♣♣♣♣♣##.....# #...#.#
### ########...#.#
#.# #..#......)#.###
#.####...............
#>......#.........###


There were no monsters in sight!

Vanquished Creatures
  Crazy Yiuf (D:2)
  Robin (D:2)
  2 adders (D:2)
  4 gnolls
  2 dart slugs (D:1)
  3 ball pythons
  4 endoplasms (D:1)
  A giant cockroach (D:1)
  11 goblins
  5 hobgoblins
  4 kobolds
  2 quokkas (D:1)
  A bat (D:1)
  3 frilled lizards (D:1)
  2 rats
46 creatures vanquished.

Notes
Turn   | Place    | Note
-------+----------+-------------------------------------------
     0 | D:1      | Renzlar the Gnoll Fighter began the quest for the Orb.
     0 | D:1      | Reached XP level 1. HP: 23/23 MP: 1/1
    65 | D:1      | Reached XP level 2. HP: 26/29 MP: 2/2
   587 | D:1      | Reached XP level 3. HP: 35/35 MP: 3/3
   829 | D:1      | Reached skill level 1 in Invocations
  1052 | D:2      | Found Acsy's Distillery.
  1094 | D:2      | Reached skill level 1 in Short Blades
  1094 | D:2      | Reached skill level 1 in Long Blades
  1094 | D:2      | Reached skill level 1 in Maces & Flails
  1094 | D:2      | Reached skill level 1 in Polearms
  1094 | D:2      | Reached skill level 1 in Staves
  1094 | D:2      | Reached skill level 1 in Slings
  1094 | D:2      | Reached skill level 1 in Bows
  1094 | D:2      | Reached skill level 1 in Crossbows
  1094 | D:2      | Reached skill level 1 in Throwing
  1094 | D:2      | Reached skill level 1 in Dodging
  1094 | D:2      | Reached skill level 1 in Stealth
  1094 | D:2      | Reached skill level 1 in Unarmed Combat
  1094 | D:2      | Reached skill level 1 in Spellcasting
  1094 | D:2      | Reached skill level 1 in Evocations
  1124 | D:2      | Noticed Robin
  1133 | D:2      | Killed Robin
  1134 | D:2      | Reached XP level 4. HP: 41/41 MP: 5/5
  1179 | D:2      | Reached skill level 1 in Conjurations
  1179 | D:2      | Reached skill level 1 in Hexes
  1179 | D:2      | Reached skill level 1 in Summonings
  1179 | D:2      | Reached skill level 1 in Necromancy
  1179 | D:2      | Reached skill level 1 in Translocations
  1179 | D:2      | Reached skill level 1 in Transmutations
  1179 | D:2      | Reached skill level 1 in Fire Magic
  1179 | D:2      | Reached skill level 1 in Ice Magic
  1179 | D:2      | Reached skill level 1 in Air Magic
  1179 | D:2      | Reached skill level 1 in Earth Magic
  1179 | D:2      | Reached skill level 1 in Poison Magic
  1279 | D:2      | Reached XP level 5. HP: 47/47 MP: 6/6
  1352 | D:2      | Found a runed translucent door.
  1353 | D:2      | Noticed Crazy Yiuf
  1363 | D:2      | HP: 2/47 [Crazy Yiuf (5)]
  1364 | D:2      | Killed Crazy Yiuf
  1364 | D:2      | Succumbed to Crazy Yiuf's poison

Illustrated notes

Levels and vault maps discovered:
D:1:      lemuel_arrival_rhombus, layout_loops_corners,
          minmay_misc_feat_enclosed
D:2:      layout_loops_ring, serial_shops, nicolae_shop_trees,
          nicolae_diamond_shop, shop, uniq_robin, uniq_crazy_yiuf_cottage

Skill      XL: |  1  2  3  4 |
---------------+-------------+-----
Invocations    | 1 |  1.4
Short Blades   | 1 |  1.3
Long Blades    | 1 |  1.3
Maces & Flails | 1 |  1.3
Polearms       | 1 |  1.3
Staves         | 1 |  1.3
Slings         | 1 |  1.3
Bows           | 1 |  1.3
Crossbows      | 1 |  1.3
Throwing       | 1 |  1.3
Dodging        | 1 |  1.3
Stealth        | 1 |  1.3
Unarmed Combat | 1 |  1.3
Spellcasting   | 1 |  1.3
Evocations     | 1 |  1.3
Conjurations   | 1 |  1.0
Hexes          | 1 |  1.0
Summonings     | 1 |  1.0
Necromancy     | 1 |  1.0
Translocations | 1 |  1.0
Transmutations | 1 |  1.0
Fire Magic     | 1 |  1.0
Ice Magic      | 1 |  1.0
Air Magic      | 1 |  1.0
Earth Magic    | 1 |  1.0
Poison Magic   | 1 |  1.0
Fighting       | |  6.6
Axes           | |  4.7
Armour         | |  6.6
Shields        | |  6.6

Action                   |  1- 3 |  4- 6 || total
-------------------------+-------+-------++-------
Melee: War axe           |    70 |    38 ||   108
       Bite              |     7 |     3 ||    10
 Fire: Hunting sling     |       |     7 ||     7
Throw: Stone             |     1 |       ||     1
Armor: Scale mail        |    19 |     8 ||    27
       Chain mail        |       |     7 ||     7
Dodge: Dodged            |    19 |     8 ||    27
Block: Kite shield       |    28 |    18 ||    46
